 Dungeon Crawl Stone Soup version 0.31-a0-700-gf13585253f (webtiles) character file.

Game seed: 2793639518806658380

2867 qw the Skirmisher (level 9, 0/57 HPs)
             Began as a Gargoyle Hunter on Sept 7, 2023.
             Killed by divine providence
             ... invoked by Jeremiah
              (11 damage)
             ... on level 6 of the Dungeon.
             The game lasted 00:02:42 (5149 turns).

qw the Skirmisher (Gargoyle Hunter)                 Turns: 5149, Time: 00:02:43

Health: 0/57       AC: 14    Str: 12 (14) XL:     9   Next: 75%
Magic:  9/9        EV: 14    Int:  6 (7)  God:
Gold:   276        SH:  0    Dex: 22 (23) Spells: 8/8 levels left

rFire   . . .        Y - +2 shortbow
rCold   . . .        (shield currently unavailable)
rNeg    + + .        c - +3 leather armour "Liag" {rN+ rCorr Int-4}
rPois   inf          e - +1 helmet
rElec   +            (no cloak)
rCorr   +            (no gloves)
SInv    .            (no boots)
Will    .....        (no amulet)
Stlth   ++           f - +6 ring of dexterity
HPRegen 0.29/turn    (no ring)
MPRegen 0.11/turn

%: no passive effects
@: weak-willed
A: sickness immunity, AC +6, negative energy resistance 1, electricity
resistance, torment resistance 1, petrification resistance
a: no special abilities


You were on level 6 of the Dungeon.
You visited 1 branch of the dungeon, and saw 6 of its levels.

You collected 276 gold pieces.


Innate Abilities, Weirdness & Mutations

You are immune to sickness and miasma.
Your stone body is resilient. (AC +6)
You are immune to poison.
You resist negative energy. (rN+)
You are resistant to electric shocks. (rElec)
You are resistant to unholy torment.
You are immune to petrification.


   Skills:
 - Level 7.4 Fighting
 - Level 11.1 Ranged Weapons
 + Level 1.3 Armour
 - Level 4.1 Dodging
 - Level 1.1 Stealth


You had 8 spell levels left.
You didn't know any spells.
Your spell library was empty.

Inventory:

Hand Weapons
 Y - a +2 shortbow (weapon)
Armour
 c - the +3 leather armour "Liag" (worn) {rN+ rCorr Int-4}
   (You found it on level 3 of the Dungeon)

   Int-4:     It affects your intelligence (-4).
   rN+:       It protects you from negative energy.
   rCorr:     It protects you from acid and corrosion.
 e - a +1 helmet (worn)
Jewellery
 f - a +6 ring of dexterity (left hand)
Scrolls
 a - a scroll of identify
Potions
 b - a potion of lignification {unknown}
 d - a potion of degeneration
 g - a potion of attraction {unknown}
 h - a potion of might {unknown}
 i - 3 potions of curing {unknown}

Dungeon Overview and Level Annotations

Branches:
Dungeon (6/15)
 Temple: D:4-7

Altars:
Cheibriados
Gozag
Hepliaklqana
Kikubaaqudgha
Nemelex Xobeh
Ru
Zin

Shops:
D:5 :   D:6 (

Annotations:
D:6 Jeremiah


Message History

The butterfly disappears in a burst of colours!
Jeremiah's eyes close briefly, then snap open.
The butterfly disappears in a burst of colours! x2
Jeremiah hops!
The butterfly disappears in a burst of colours! x2
Jeremiah hops!
5134 ||| READING scroll labelled WIM JITIRUED.
As you read the scroll labelled WIM JITIRUED, it crumbles to dust.
Magic quickly surges around you.
It was a scroll of vulnerability.
The butterfly disappears in a burst of colours! x3
The butterfly disappears in a burst of colours! x4
The butterfly disappears in a burst of colours!
The butterfly disappears in a burst of colours!
Jeremiah cries, "Fearful master, protect me!"
Something smites you!
The butterfly disappears in a burst of colours! x2
You shoot an arrow. The arrow hits Jeremiah!
Jeremiah is heavily wounded.
The butterfly disappears in a burst of colours! x2
Jeremiah lets out a twisted cry.
Something smites you!
The butterfly disappears in a burst of colours! x4
Jeremiah gazes at their orb, transfixed.
The butterfly disappears in a burst of colours!
The butterfly disappears in a burst of colours! x3
You shoot an arrow. The arrow hits Jeremiah.
Jeremiah is moderately wounded.
The butterfly disappears in a burst of colours! x3
Jeremiah lets out a twisted cry.
Something smites you!
5147 ||| DRINKING 2 sapphire potions.
It was a potion of degeneration.
There was something very wrong with that liquid.
You feel weakened.
You feel dopey.
You feel clumsy.
The butterfly disappears in a burst of colours!
The butterfly disappears in a burst of colours!
The butterfly disappears in a burst of colours!
Jeremiah cries, "Fearful master, protect me!"
Something smites you!
You die...
Jeremiah asks, "What happened?
Did... did you die?"

#... #..# #.##. ##..
#..# #.##. .## #..#
#.##. ... #..# #....
#). ...####..#. # ##/#
#####.........
#.##..##.bb##.........
#...bb#bbbbb#.####..##
#.@.bbFbb#..###..##
#<.#bbbbb#.........
#..# ..b##....####.
##.#######..#.# #.
#..........#.# #.
####.......#.# #.
#.###...#[# #. #.#
#...#.# #. #.# #.#.#..
..


You could see Jeremiah (weak-willed).

Vanquished Creatures
  Sigmund (D:3)
  3 yaks (D:5)
  Eustachio (D:5)
  Menkaure (D:6)
  2 ice beasts (D:6)
  An ogre (D:5)
  A centaur (D:6)
  3 phantoms
  Blork the orc (D:4)
  A bullfrog (D:5)
  A kobold brigand (D:6)
  4 scorpions
  4 wights (D:6)
  2 jellies (D:6)
  4 orc priests
  A gnoll bouda (D:6)
  2 hounds (D:6)
  Terence (D:2)
  4 iguanas
  A sleepcap (D:6)
  Natasha (thrice) (D:2)
  2 orc wizards
  A hound zombie (D:2)
  4 gnolls (D:6)
  5 adders
  A shadow imp (D:5)
  3 white imps
  2 ufetubi (D:6)
  2 adder skeletons (D:2)
  An adder zombie (D:2)
  3 worms
  3 dart slugs
  25 orcs
  5 ball pythons
  6 bats
  3 endoplasms
  3 giant cockroaches (D:1)
  11 goblins
  5 hobgoblins
  8 kobolds
  4 quokkas
  A ball python skeleton (D:2)
  3 frilled lizards
  4 rats
147 creatures vanquished.

Notes
Turn   | Place    | Note
-------+----------+-------------------------------------------
     0 | D:1      | qw the Gargoyle Hunter began the quest for the Orb.
     0 | D:1      | Reached XP level 1. HP: 12/12 MP: 1/1
     0 | D:1      | 0 ||| qw: Version: 0.3-a-76-g4403597
     0 | D:1      | 0 ||| qw: Game counter: 430
     0 | D:1      | 0 ||| qw: Melee chars always use a shield: true
     0 | D:1      | 0 ||| qw: God list: Okawaru
     0 | D:1      | 0 ||| qw: Allow faded altars: false
     0 | D:1      | 0 ||| qw: Do Orc after clearing Dungeon:15 true
     0 | D:1      | 0 ||| qw: Do second Lair branch before Depths: true
     0 | D:1      | 0 ||| qw: Lair rune preference: random
     0 | D:1      | 0 ||| qw: Goals: Normal
     0 | D:1      | 0 ||| PLANNING D:1-11
    60 | D:1      | Reached XP level 2. HP: 17/17 MP: 2/2
   345 | D:1      | Reached XP level 3. HP: 21/21 MP: 3/3
   572 | D:1      | 572 ||| UPGRADING to +0 helmet.
   577 | D:1      | 577 ||| UPGRADING to +6 ring of dexterity.
   578 | D:1      | 578 ||| READING scroll labelled UNGIOX FENT.
   579 | D:1      | 579 ||| DROPPING scroll of butterflies.
   618 | D:2      | Reached skill level 5 in Ranged Weapons
   889 | D:2      | Reached skill level 3 in Fighting
   909 | D:2      | Reached XP level 4. HP: 25/28 MP: 4/4
   984 | D:2      | Identified the +7 dagger of Lugismak {heavy, rPois Will-
                  | Str+3 Dex+4}
  1026 | D:2      | Noticed Natasha
  1026 | D:2      | Noticed Terence
  1029 | D:2      | 1029 ||| RETREATING.
  1033 | D:2      | Killed Natasha
  1045 | D:2      | Killed Terence
  1046 | D:2      | Reached skill level 6 in Ranged Weapons
  1046 | D:2      | Reached XP level 5. HP: 18/32 MP: 5/5
  1270 | D:2      | Noticed Natasha
  1285 | D:2      | Killed Natasha
  1434 | D:2      | Noticed Natasha
  1443 | D:2      | Killed Natasha
  1444 | D:2      | Reached skill level 1 in Armour
  1497 | D:2      | 1497 ||| UPGRADING to +0 ring mail.
  1507 | D:2      | 1507 ||| DROPPING +0 leather armour.
  1508 | D:2      | 1508 ||| READING 2 scrolls labelled JUBBOCR JELUG.
  1509 | D:2      | 1509 ||| READING scroll labelled POUHOO YREMA.
  1514 | D:2      | 1514 ||| READING scroll labelled PAN QI BAVVO.
  1515 | D:2      | 1515 ||| READING 2 scrolls labelled NIKLOSTR VEISOR.
  1516 | D:2      | 1516 ||| READING scroll of enchant weapon.
  1516 | D:2      | 1516 ||| ENCHANTING +1 shortbow.
  1517 | D:2      | 1517 ||| DROPPING scroll of poison.
  1549 | D:3      | Found an opulent altar of Gozag.
  1565 | D:3      | Noticed Sigmund
  1575 | D:3      | Killed Sigmund
  1576 | D:3      | Reached XP level 6. HP: 40/40 MP: 6/6
  1602 | D:3      | Identified the +3 leather armour "Liag" {rN+ rCorr Int-4}
  1731 | D:3      | Found a sparkling altar of Nemelex Xobeh.
  2028 | D:3      | Found a snail-covered altar of Cheibriados.
  2087 | D:3      | Found a sacrificial altar of Ru.
  2372 | D:3      | 2372 ||| UPGRADING to +3 leather armour "Liag" {rN+ rCorr
                  | Int-4}.
  2382 | D:3      | 2382 ||| DROPPING +0 ring mail.
  2383 | D:3      | 2383 ||| READING scroll labelled DIUBRU XALE.
  2384 | D:3      | 2384 ||| READING scroll labelled FEMIEG PISH.
  2425 | D:4      | Reached XP level 7. HP: 42/44 MP: 7/7
  2433 | D:4      | 2433 ||| READING scroll of enchant armour.
  2433 | D:4      | 2433 ||| ENCHANTING +0 helmet.
  2445 | D:4      | Reached skill level 7 in Ranged Weapons
  3032 | D:4      | Noticed Blork the orc
  3037 | D:4      | Killed Blork the orc
  3038 | D:4      | Reached skill level 8 in Ranged Weapons
  3097 | D:4      | 3097 ||| READING 2 scrolls of identify.
  3097 | D:4      | 3097 ||| IDENTIFYING orange potion
  3098 | D:4      | 3098 ||| DROPPING potion of brilliance.
  3108 | D:5      | Entered Level 5 of the Dungeon
  3108 | D:5      | Found a hazy altar of Hepliaklqana.
  3126 | D:5      | Found an ancient bone altar of Kikubaaqudgha.
  3192 | D:5      | Reached XP level 8. HP: 50/50 MP: 8/8
  3205 | D:5      | 3205 ||| RETREATING.
  3206 | D:5      | 3206 ||| Stepping ~*~*~tactically~*~*~ (outnumbered).
  3208 | D:5      | 3208 ||| Stepping ~*~*~tactically~*~*~ (outnumbered).
  3211 | D:5      | 3211 ||| Stepping ~*~*~tactically~*~*~ (outnumbered).
  3296 | D:5      | 3296 ||| FLEEEEING.
  3362 | D:5      | Noticed a yak
  3362 | D:5      | Noticed a yak
  3364 | D:5      | 3364 ||| RETREATING.
  3367 | D:5      | Noticed a yak
  3371 | D:5      | Killed a yak
  3372 | D:5      | Reached skill level 9 in Ranged Weapons
  3380 | D:5      | Killed a yak
  3381 | D:5      | Reached skill level 3 in Dodging
  3391 | D:5      | Killed a yak
  3392 | D:5      | Reached skill level 6 in Fighting
  3429 | D:5      | 3429 ||| FLEEEEING.
  3432 | D:5      | 3432 ||| FLEEEEING.
  3435 | D:5      | 3435 ||| FLEEEEING.
  3436 | D:5      | 3436 ||| FLEEEEING.
  3437 | D:5      | 3437 ||| FLEEEEING.
  3453 | D:5      | 3453 ||| FLEEEEING.
  3454 | D:5      | 3454 ||| FLEEEEING.
  3455 | D:5      | 3455 ||| FLEEEEING.
  3521 | D:5      | Noticed Eustachio
  3531 | D:5      | 3531 ||| Stepping ~*~*~tactically~*~*~ (retreating).
  3532 | D:5      | 3532 ||| Stepping ~*~*~tactically~*~*~ (retreating).
  3560 | D:5      | HP: 7/52 [iguana (9)]
  3579 | D:5      | Killed Eustachio
  3755 | D:5      | Reached skill level 10 in Ranged Weapons
  3755 | D:5      | Reached XP level 9. HP: 54/56 MP: 9/9
  3778 | D:5      | 3778 ||| FLEEEEING.
  3779 | D:5      | 3779 ||| FLEEEEING.
  3781 | D:5      | 3781 ||| FLEEEEING.
  3782 | D:5      | 3782 ||| FLEEEEING.
  3783 | D:5      | 3783 ||| FLEEEEING.
  3785 | D:5      | 3785 ||| FLEEEEING.
  3786 | D:5      | 3786 ||| FLEEEEING.
  3787 | D:5      | 3787 ||| FLEEEEING.
  3789 | D:5      | 3789 ||| FLEEEEING.
  3790 | D:5      | 3790 ||| FLEEEEING.
  3791 | D:5      | 3791 ||| FLEEEEING.
  3792 | D:5      | 3792 ||| FLEEEEING.
  3793 | D:5      | 3793 ||| FLEEEEING.
  3794 | D:5      | 3794 ||| FLEEEEING.
  3795 | D:5      | 3795 ||| FLEEEEING.
  3796 | D:5      | 3796 ||| FLEEEEING.
  3993 | D:5      | Found Odweb's Self-Published Books.
  4129 | D:5      | 4129 ||| READING 2 scrolls labelled HOELIN ZETENYT.
  4130 | D:5      | 4130 ||| DROPPING scroll of blinking.
  4138 | D:6      | Found Ledemi's Weapon Shoppe.
  4166 | D:6      | 4166 ||| Stepping ~*~*~tactically~*~*~ (outnumbered).
  4168 | D:6      | 4168 ||| Stepping ~*~*~tactically~*~*~ (outnumbered).
  4302 | D:6      | 4302 ||| SHOPLISTING +4 orcbow "Acvunaz" {elec, Fragile
                  | rF++ SInv} (569 gold, have 263).
  4365 | D:6      | Noticed Menkaure
  4367 | D:6      | Killed Menkaure
  4404 | D:6      | Found a glowing silver altar of Zin.
  4425 | D:6      | 4425 ||| Stepping ~*~*~tactically~*~*~ (outnumbered).
  4427 | D:6      | 4427 ||| Stepping ~*~*~tactically~*~*~ (outnumbered).
  4430 | D:6      | 4430 ||| Stepping ~*~*~tactically~*~*~ (outnumbered).
  4725 | D:6      | Reached skill level 11 in Ranged Weapons
  5117 | D:6      | Noticed Jeremiah
  5134 | D:6      | 5134 ||| READING scroll labelled WIM JITIRUED.
  5146 | D:6      | HP: 10/57 [Jeremiah/divine providence (15)]
  5147 | D:6      | 5147 ||| DRINKING 2 sapphire potions.
  5149 | D:6      | Killed from afar by Jeremiah

Levels and vault maps discovered:
D:1:      reono_arrival_forest_river, layout_loops_ring, minmay_misc_feat_plants
D:2:      layout_loops_ring, serial_undead, serial_undead_f, serial_undead_b,
          serial_undead_c, serial_undead_e, serial_undead_a, serial_undead_e,
          uniq_natasha, uniq_terence
D:3:      layout_loops_ring, nicolae_overflow_crystal_walls,
          lemuel_doored_altar, chei_slow_surprise, nemelex_dance_club_becter,
          uniq_sigmund
D:4:      layout_cave_pods, uniq_blork_the_orc
D:5:      layout_gridville, mainiacjoe_overflow_large_starburst,
          grunt_ministairs_6, nrook_loot_triangle, nicolae_custom_books,
          uniq_eustachio
D:6:      layout_loops_ring, zin_academy, minmay_temple_entry_fiery,
          serial_shops, nicolae_shop_tiny_glass, dreamdust_wishing_well,
          kennysheep_pointless_box, minmay_misc_feat_enclosed,
          grunt_ministairs_5, uniq_menkaure, uniq_jeremiah

Skill      XL: |  1  2  3  4  5  6  7  8  9 |
---------------+----------------------------+-----
Ranged Weapons | 5 6 8 10 11 | 11.1
Fighting       | 3 4 5 6 7 |  7.4
Dodging        | 2 3 4 |  4.1
Armour         | 1 |  1.3
Stealth        | |  1.1

Action                     |  1- 3 |  4- 6 |  7- 9 || total
---------------------------+-------+-------+-------++-------
   Fire: Shortbow          |    83 |   135 |   398 ||   616
    Use: Scroll            |     1 |     7 |     4 ||    12
         Potion            |       |       |     1 ||     1
 Armour: Leather armour    |     5 |    32 |   122 ||   159
         Ring mail         |       |    10 |       ||    10
  Dodge: Dodged            |    12 |    23 |   119 ||   154

Table legend:
 A = Non-vault XP
 B = Vault XP
 C = Vault XP percentage of total XP
 D = Non-vault monster count
 E = Vault monster count
 F = Vault count percentage of total count
                 A         B        C        D         E       F
            +---------+---------+-------+---------+---------+-------
      Total |    2759 |    1338 |  32.7 |     127 |      20 |  13.6
            +---------+---------+-------+---------+---------+-------
        D:1 |      35 |       0 |   0.0 |      20 |       0 |   0.0
        D:2 |     122 |     109 |  47.2 |      15 |       7 |  31.8
        D:3 |     116 |     228 |  66.3 |      20 |       3 |  13.0
        D:4 |     428 |      99 |  18.8 |      19 |       1 |   5.0
        D:5 |    1187 |     305 |  20.4 |      27 |       3 |  10.0
        D:6 |     871 |     597 |  40.7 |      26 |       6 |  18.8
            +---------+---------+-------+---------+---------+-------
